 Dungeon Crawl Stone Soup version 0.25.1-2-g60ff931df9 (webtiles) character file.

Game seed: 7806184476958407830

182 Gunterle the Shooter (level 5, 0/45 HPs)
             Began as a Centaur Arcane Marksman on Sept 30, 2020.
             Succumbed to Sigmund's poison
             ... on level 3 of the Dungeon.
             The game lasted 00:13:17 (3463 turns).

Gunterle the Shooter (Centaur Arcane Marksman)      Turns: 3463, Time: 00:13:17

Health: 0/45       AC:  4    Str: 12    XL:     5   Next: 35%
Magic:  6/6        EV: 10    Int: 12    God:
Gold:   124        SH:  0    Dex: 11    Spells: 2/6 levels left

rFire    + . .     SeeInvis .   n - staff of fire
rCold    . . .     Gourm    .   (no shield)
rNeg     . . .     Faith    .   e - +0 robe
rPois    .         Spirit   .   (no helmet)
rElec    .         Reflect  .   (no cloak)
rCorr    .         Harm     .   (no gloves)
MR       .....                  (no barding)
Stlth    +.........             v - amulet of regeneration
HPRegen  0.15/turn              (no ring)
MPRegen  0.10/turn              (no ring)

@: lethally poisoned (0 -> -2), very quick
A: large, hooves 3, deformed body, speed 2, low mp 1, robust 1, tough skin 3,
evolution 1
a: no special abilities


You were on level 3 of the Dungeon.
You were very hungry.

You visited 1 branch of the dungeon, and saw 4 of its levels.

You collected 124 gold pieces.

Inventory:

Hand Weapons
 a - a +0 shortbow
 b - a +0 dagger of protection
 g - a +0 club
 l - a +0 hunting sling
 t - a +0 falchion
Missiles
 c - 16 stones
 j - 8 bolts
 p - 16 sling bullets
 u - 3 poisoned darts (quivered)
Armour
 e - a +0 robe (worn)
 o - a +0 leather armour
Magical Staves
 n - an uncursed staff of fire (weapon)
Jewellery
 v - an amulet of regeneration (around neck)
Wands
 w - a wand of polymorph (1)
Scrolls
 h - a scroll of enchant armour
 k - 2 scrolls of teleportation
Comestibles
 f - 2 rations


   Skills:
 + Level 1.9 Fighting
 - Level 0.5(0.6) Short Blades
 + Level 0.2(0.4) Long Blades
 * Level 4.4 Bows
 + Level 1.9 Dodging
 + Level 1.4 Spellcasting
 * Level 3.5 Hexes
 * Level 1.3 Translocations


You had 2 spell levels left.
You knew the following spells:

 Your Spells              Type           Power        Failure   Level  Hunger
a - Corona                Hex            #......      7%          1    ##.....
b - Portal Projectile     Hex/Tloc       #.....       32%         3    ####...

Your spell library contained the following spells:

 Spells                   Type           Power        Failure   Level  Hunger
 Slow                     Hex            #.......     10%         2    ###....
 Inner Flame              Hex/Fire       #.......     38%         3    ####...
 Cause Fear               Hex            #.........   54%         4    #####..
 Leda's Liquefaction      Hex/Erth       #.........   80%         4    #####..


Dungeon Overview and Level Annotations

Branches:
Dungeon (4/15)
 Temple: D:4-7

Altars:
Zin

Annotations:
D:3 Sigmund
D:4 Pikel


Innate Abilities, Weirdness & Mutations

You have hooves in place of feet.
Armour fits poorly on your strangely shaped body.
You cover ground very quickly.
You have extremely tough skin. (AC +3)
Your magical capacity is low. (-10% MP)
You are robust. (+10% HP)
You evolve.


Message History

Your +0 dagger of protection goes still.
n - an uncursed staff of fire (weapon)
Unknown command.
As you read the scroll labeled KUREV HUNA, it crumbles to dust.
You feel blessed for a moment.
It was a scroll of remove curse.
* * * LOW HITPOINT WARNING * * *
You feel sick.
Unknown command.
* * * LOW HITPOINT WARNING * * *
You feel sick.
* * * LOW HITPOINT WARNING * * *
You feel sick.
* * * LOW HITPOINT WARNING * * *
You feel sick.
* * * LOW HITPOINT WARNING * * *
You feel sick.
* * * LOW HITPOINT WARNING * * *
You feel sick.
Unknown command.
You die...

##......# #........
#####.......###.###.##.
#...#...###............
#...#...# #####.###.##.
#...#...# ### #.##.
#...#...###########.##.
#...#..................
#...##+##...#######.#..
#...##@##...# #.....#.#
#...##.##...# #.#####..
##....<##...# #.# ###
#####.###.########.#######
#.........####............
#####.###>...)............
#.##.........#........
####.##..........#####...
#....##.##.#.##..## #...


There were no monsters in sight!

Vanquished Creatures
  Terence (D:2)
  Natasha (thrice) (D:3)
  A gnoll (D:1)
  2 oozes
  4 dart slugs
  2 leopard geckos
  2 orcs
  10 bats
  2 giant cockroaches (D:1)
  8 goblins
  9 hobgoblins
  A frilled lizard (D:1)
  3 kobolds
  5 rats
53 creatures vanquished.

Notes
Turn   | Place    | Note
-------+----------+-------------------------------------------
     0 | D:1      | Gunterle the Centaur Arcane Marksman began the quest for
                  | the Orb.
     0 | D:1      | Reached XP level 1. HP: 16/16 MP: 2/2
    58 | D:1      | Reached skill level 3 in Bows
    82 | D:1      | Reached XP level 2. HP: 19/23 MP: 3/3
   465 | D:1      | Reached XP level 3. HP: 26/28 MP: 4/4
   722 | D:1      | Learned a level 3 spell: Portal Projectile
  1116 | D:2      | Found a glowing silver altar of Zin.
  1632 | D:3      | Noticed Terence
  1690 | D:2      | Killed Terence
  1690 | D:2      | Reached XP level 4. HP: 17/36 MP: 4/6
  1963 | D:3      | Reached skill level 4 in Bows
  2153 | D:3      | Noticed Natasha
  2164 | D:3      | Killed Natasha
  2164 | D:3      | Reached skill level 1 in Translocations
  2516 | D:3      | Noticed Natasha
  2524 | D:3      | Killed Natasha
  2524 | D:3      | Reached XP level 5. HP: 27/41 MP: 7/7
  2868 | D:3      | Noticed Sigmund
  2966 | D:4      | Noticed Pikel
  2966 | D:4      | Noticed a slave
  2966 | D:4      | Noticed a slave
  2966 | D:4      | Noticed a slave
  2968 | D:4      | Noticed a slave
  3039 | D:3      | Noticed Natasha
  3049 | D:3      | Killed Natasha
  3067 | D:3      | Gained mutation: Your magical capacity is low. (-10% MP)
                  | [potion of mutation]
  3067 | D:3      | Gained mutation: You evolve. [potion of mutation]
  3067 | D:3      | Gained mutation: You are robust. (+10% HP) [potion of
                  | mutation]
  3084 | D:3      | Noticed Sigmund
  3455 | D:3      | HP: 2/45 [poisoned by Sigmund]
  3460 | D:3      | HP: 1/45 [poisoned by Sigmund]
  3463 | D:3      | Succumbed to Sigmund's poison

Illustrated notes

Levels and vault maps discovered:
D:1:      mrwooster_arrival_statue, layout_loops_ring, minmay_stone_trees_small,
          minmay_misc_feat_more_columns
D:2:      layout_loops_ring, kennysheep_flooded_box
D:3:      layout_basic, uniq_terence, uniq_sigmund, uniq_natasha
D:4:      layout_basic, serial_shops, shop_statue, nemelex_spade_bored_becter,
          uniq_pikel, uniq_crazy_yiuf_cottage, uniq_eustachio

Skill      XL: |  1  2  3  4 |
---------------+-------------+-----
Bows           | 3 4 |  4.4
Hexes          | 3 |  3.5
Translocations | 1 |  1.3
Fighting       | |  1.9
Short Blades   | |  0.5
Long Blades    | |  0.2
Dodging        | |  1.9
Spellcasting   | |  1.4

Action                   |  1- 3 |  4- 6 || total
-------------------------+-------+-------++-------
Melee: Dagger            |    80 |    44 ||   124
       Club              |     6 |       ||     6
       Kick              |    12 |    15 ||    27
 Fire: Shortbow          |    69 |    32 ||   101
Throw: Stone             |    28 |     6 ||    34
       Dart              |       |    14 ||    14
Evoke: Wand              |       |     2 ||     2
  Use: Scroll            |     2 |     1 ||     3
       Potion            |       |     4 ||     4
  Eat: Chunk             |     1 |     4 ||     5
Armor: Robe              |    44 |    18 ||    62
Dodge: Dodged            |    53 |    33 ||    86
